Map: Radhuset Station LE

Players

SubN

  • Race: Zerg Zerg
  • League: Diamond
  • Spawn Location: 1:00

skydiver

  • Race: Terran Terran
  • League: Diamond
  • Spawn Location: 7:00

VOD

Have the link to the VOD?

Description

Time

  • Played on: Dec. 31, 2023, 4:36 p.m.
  • Length: 17:07
Show
View Real Time Build Order
Export as new Build Order

SubN Zerg 

Build Orders: Pool First 

Get SALT Encoding   

  12  0:00  Drone  
  13  0:12  Overlord  
  13  0:18  Drone  
  14  0:30  Drone x2  
  14  0:34  Drone  
  17  0:45  Drone, Extractor  
  17  0:50  Spawning Pool  
  17  0:55  Drone  
  17  1:11  Drone  
  18  1:27  Hatchery  
  17  1:37  Zergling x4  
  19  1:41  Drone  
  19  1:45  Queen  
  22  2:00  Overlord  
  22  2:03  Overlord  
  22  2:09  Metabolic Boost  
  22  2:17  Overlord  
  21  2:39  Hatchery  
  20  2:48  Queen  
  22  2:55  Drone x2  
  24  3:02  Drone x2  
  26  3:14  Drone x4  
  26  3:19  Drone  
  31  3:21  Drone  
  32  3:27  Drone x2  
  32  3:33  Queen  
  36  3:43  Drone x4  
  40  3:49  Lair  
  40  3:56  Drone x4  
  44  4:03  Drone x2  
  44  4:07  Overlord, Extractor  
  45  4:25  Pneumatized Carapace  
  45  4:29  Drone x5  
  50  4:32  Queen  
  50  4:34  Drone x4, Extractor  
  50  4:35  Overlord  
  55  4:55  Evolution Chamber  
  55  4:57  Evolution Chamber  
  55  4:59  Roach Warren  
  52  5:02  Drone x8  
  60  5:08  Queen  
  62  5:17  Spire  
  61  5:22  Drone x2  
  61  5:23  Drone  
  61  5:24  Drone  
  61  5:25  Overlord x3  
  61  5:27  Overlord  
  65  5:30  Overlord  
  65  5:36  Overseer  
  65  5:39  Overlord x3  
  65  5:41  Glial Reconstitution  
  65  5:44  Drone  
  65  5:45  Extractor  
  65  5:53  Drone x3  
  65  5:56  Zergling x2, Roach x3  
  75  6:04  Zerg Ground Armor Level 1  
  75  6:06  Roach x2  
  75  6:07  Roach x2  
  79  6:24  Queen  
  81  6:28  Drone x10  
  81  6:31  Extractor  
  90  6:33  Extractor  
  89  6:40  Overseer  
  89  6:42  Overseer  
  89  6:43  Overseer  
  89  6:48  Zerg Flyer Weapons Level 1  
  89  6:50  Hatchery  
  89  6:53  Drone  
  89  6:54  Drone  
  90  7:00  Queen  
  92  7:01  Mutalisk  
  92  7:02  Mutalisk x2  
  98  7:14  Zerg Missile Weapons Level 1  
  98  7:19  Mutalisk  
  98  7:20  Mutalisk  
  102  7:30  Overseer  
  102  7:33  Overlord x3  
  102  7:35  Queen  
  102  7:36  Drone x14  
  118  7:56  Corruptor  
  118  7:57  Corruptor x5  
  130  8:00  Overseer  
  130  8:06  Ravager  
  130  8:09  Ravager  
  130  8:25  Corruptor x2  
  130  8:44  Overlord x2  
  130  8:45  Overlord x3  
  128  8:51  Extractor  
  128  8:52  Extractor, Queen  
  128  9:04  Hatchery  
  128  9:07  Drone x2  
  128  9:09  Zerg Missile Weapons Level 2  
  129  9:10  Zerg Ground Armor Level 2  
  129  9:12  Baneling Nest  
  129  9:15  Infestation Pit  
  127  9:18  Overseer x2  
  127  9:22  Drone x2  
  127  9:23  Drone  
  130  9:27  Drone  
  130  9:29  Corruptor  
  130  9:30  Corruptor x3  
  139  9:34  Roach  
  139  9:35  Roach x5  
  151  9:49  Zerg Flyer Weapons Level 2  
  151  9:51  Drone x2  
  153  9:58  Overlord x3  
  153  10:02  Corruptor x3  
  159  10:12  Zergling x18  
  168  10:15  Centrifugal Hooks  
  168  10:20  Queen  
  168  10:21  Overlord x3  
  170  10:24  Hive  
  170  10:29  Overlord  
  170  10:34  Drone x5  
  175  10:38  Drone x3, Extractor  
  175  10:39  Drone x3, Extractor  
  179  10:43  Neural Parasite  
  179  10:52  Zergling x2  
  179  10:53  Zergling x26  
  179  10:55  Ravager x2  
  179  10:56  Ravager x2  
  179  10:57  Ravager x3  
  198  10:59  Baneling x4  
  180  11:15  Zergling x2  
  180  11:16  Zergling x20  
  176  11:20  Queen  
  176  11:26  Zerg Melee Weapons Level 1  
  176  11:29  Corruptor x3  
  182  11:36  Roach  
  182  11:37  Roach x8  
  182  11:39  Baneling  
  200  11:40  Baneling x18  
  200  11:47  Adrenal Glands  
  176  12:07  Zergling x26  
  176  12:08  Zergling x4  
  186  12:11  Corruptor  
  186  12:12  Corruptor x2  
  192  12:16  Ravager  
  192  12:17  Ravager  
  192  12:18  Ravager x3  
  197  12:31  Drone x2  
  197  12:34  Extractor  
  198  12:37  Drone  
  198  12:40  Zerg Flyer Weapons Level 3  
  198  12:44  Baneling x12  
  199  12:45  Zergling x2, Baneling x3  
  200  13:00  Hatchery  
  200  13:05  Zerg Missile Weapons Level 3  
  189  13:21  Zerg Ground Armor Level 3  
  141  13:39  Zergling x2  
  141  13:40  Zergling x60  
  141  13:41  Zergling x8  
  171  13:43  Roach x2  
  171  13:44  Roach x12  
  199  13:58  Extractor  
  194  14:18  Baneling x13  
  194  14:19  Baneling x12  
  194  14:21  Ravager x6  
  194  14:44  Overseer x2  
  179  14:57  Roach  
  179  14:58  Roach  
  179  14:59  Ravager  
  184  15:00  Ravager x7  
  191  15:19  Queen  
  193  15:23  Hatchery  
  192  15:42  Spire  
  181  15:50  Hatchery  
  167  16:01  Hatchery  
  143  16:10  Zergling x14  
  143  16:11  Zergling x58  
  150  16:12  Zergling x30  
  179  16:25  Overlord  
  179  16:26  Overlord x6  
  179  16:31  Baneling x11  
  179  16:32  Baneling x13  
  179  16:33  Baneling  
  179  16:34  Baneling x15  
  179  16:53  Drone x3  
Show
View Real Time Build Order
Export as new Build Order

skydiver Terran 

Build Orders: Reaper Expand 

Get SALT Encoding   

  12  0:00  SCV  
  13  0:12  SCV  
  14  0:20  Supply Depot  
  14  0:24  SCV  
  15  0:39  Refinery  
  15  0:44  Barracks  
  15  0:47  SCV  
  16  0:59  SCV  
  17  1:11  SCV  
  18  1:23  SCV  
  19  1:35  Reaper  
  20  1:41  Command Center  
  20  1:52  Orbital Command  
  20  2:11  Barracks Reactor  
  20  2:15  Refinery, Supply Depot  
  20  2:18  SCV  
  21  2:30  SCV  
  22  2:43  SCV  
  23  2:50  Marine x2  
  25  2:52  Factory  
  25  2:54  Orbital Command  
  25  2:58  SCV  
  26  3:11  SCV  
  27  3:24  SCV x2  
  29  3:32  Refinery  
  29  3:36  SCV x2  
  31  3:45  Supply Depot  
  31  3:46  Hellion x2  
  31  3:48  SCV x2  
  37  3:51  Barracks Tech Lab  
  37  3:53  Starport  
  37  3:57  Armory  
  37  4:00  SCV x2  
  39  4:09  Hellion x2  
  42  4:31  Starport Tech Lab  
  42  4:39  Fusion Core, Hellion x2, Starport  
  42  4:44  Refinery  
  42  4:45  SCV x2  
  48  4:56  Supply Depot  
  48  4:57  SCV x2  
  50  5:15  Marine  
  50  5:18  Starport Tech Lab  
  51  5:31  Battlecruiser  
  57  5:36  Engineering Bay  
  57  5:39  Barracks  
  57  5:40  Barracks  
  57  5:42  Hellion x6  
  57  5:56  Weapon Refit  
  57  6:09  Battlecruiser  
  51  6:28  Barracks Tech Lab  
  51  6:29  Barracks Tech Lab  
  51  6:37  Battlecruiser  
  51  6:38  Siege Tank  
  51  6:39  Marine x2  
  62  6:46  Bunker  
  62  6:48  Stimpack  
  62  6:51  Combat Shield  
  62  6:59  Marine x4  
  66  7:16  Medivac  
  66  7:17  Marine x2  
  70  7:26  Missile Turret  
  70  7:29  Command Center  
  70  7:31  Missile Turret  
  70  7:32  Terran Infantry Weapons Level 1  
  70  7:43  Marine, SCV x2  
  73  7:50  Marine x2  
  73  7:51  Marine  
  76  7:56  Medivac  
  78  8:06  Supply Depot  
  78  8:08  Marine x2  
  78  8:09  Medivac  
  82  8:13  Marine  
  82  8:16  Marine  
  83  8:26  Marine x2  
  85  8:31  Marine  
  86  8:36  Marine  
  81  8:44  Orbital Command, Marine x2  
  81  8:45  SCV x2  
  81  8:46  Missile Turret  
  79  8:49  Marine  
  79  8:53  Marine  
  81  8:58  SCV x2  
  81  9:01  Marine  
  81  9:02  Marine  
  85  9:04  Siege Tank  
  88  9:10  SCV x2  
  88  9:14  SCV  
  91  9:22  SCV  
  92  9:25  Engineering Bay  
  92  9:27  Terran Infantry Armor Level 1  
  92  9:29  Marine x3  
  95  9:31  Barracks, Marine  
  95  9:32  Starport Reactor  
  95  9:36  Siege Tank  
  99  9:47  Marine x2  
  101  9:59  Terran Infantry Weapons Level 2, Command Center  
  101  10:01  Terran Vehicle Weapons Level 1  
  101  10:07  SCV x3  
  101  10:08  Widow Mine  
  105  10:17  Marine x2, Factory  
  105  10:19  SCV x2  
  109  10:22  Concussive Shells  
  109  10:26  Barracks  
  109  10:27  Supply Depot  
  109  10:34  Refinery  
  109  10:35  Refinery  
  109  10:39  Supply Depot, Sensor Tower  
  109  10:40  Supply Depot  
  109  10:43  Missile Turret  
  109  10:49  Marine x5, SCV, Medivac x2  
  119  10:54  Siege Tank  
  122  11:03  Supply Depot  
  122  11:07  Marine x5  
  120  11:13  Marine  
  119  11:23  Planetary Fortress  
  119  11:25  Marauder  
  121  11:26  Medivac x2  
  121  11:27  Factory Tech Lab  
  121  11:29  SCV x3  
  128  11:41  Marine x4, SCV x2  
  128  11:42  Marauder  
  128  11:46  Marauder  
  138  11:48  SCV  
  138  11:53  SCV  
  140  11:56  Medivac  
  140  11:58  Marine  
  140  11:59  Marine x2  
  140  12:00  Marauder, Refinery  
  108  12:02  Marine  
  108  12:07  Marine  
  96  12:12  Siege Tank  
  99  12:16  Marine x3  
  99  12:20  Marine  
  99  12:21  Marine  
  99  12:22  Siege Tank  
  107  12:25  Marine  
  108  12:33  Terran Infantry Armor Level 2  
  108  12:34  Marine x2  
  111  12:37  Terran Infantry Weapons Level 3  
  111  12:38  Marine x2  
  111  12:43  Barracks Tech Lab, Marine  
  113  12:44  Siege Tank  
  113  12:45  Ghost Academy  
  116  12:52  Marine x2  
  116  12:54  Siege Tank  
  116  12:56  Marine x2  
  123  13:01  Missile Turret, Marine  
  123  13:03  Supply Depot, Marine  
  125  13:07  Supply Depot  
  125  13:10  Marine x2  
  127  13:14  Marine x2  
  127  13:16  Siege Tank  
  127  13:19  Marauder  
  121  13:20  Marine  
  107  13:27  Marine  
  107  13:28  Marine  
  107  13:32  Marine x2  
  104  13:38  Marine, Siege Tank  
  104  13:40  Marine  
  109  13:45  Marine x2  
  111  13:48  Siege Tank  
  111  13:49  Marine  
  111  13:50  Marine  
  111  13:52  Command Center  
  116  13:56  Marine  
  116  13:58  Marine  
  118  14:03  Marine x2  
  118  14:07  Marine x2  
  122  14:14  Marine  
  122  14:15  Marine  
  124  14:21  Marine x2  
  120  14:25  Marine x2  
  122  14:32  Marine  
  122  14:34  Marauder  
  124  14:39  Marine x2  
  124  14:43  Marauder, Marine  
  125  14:50  Marine  
  109  14:55  Marine  
  109  14:57  Marine x2  
  112  15:00  Medivac x3  
  112  15:01  Marauder  
  112  15:05  Marauder  
  112  15:07  Planetary Fortress  
  120  15:08  Marauder  
  120  15:13  Marauder, Siege Tank  
  127  15:14  Marine x2  
  127  15:20  Command Center  
  129  15:25  Marauder  
  129  15:26  Sensor Tower  
  131  15:30  Medivac  
  133  15:49  Marine  
  134  16:04  Marine x3  
  109  16:07  Marine x3  
  110  16:16  Medivac x2  
  110  16:17  Medivac  
  114  16:21  Marine  
  114  16:22  Marine x2  
  114  16:25  Refinery, Marine x3  
  120  16:30  Siege Tank x2  
  126  16:39  Marine x3, SCV  
  130  16:40  SCV x2  
  130  16:42  Marine  
  133  16:47  Marine  
Tags
 
Add a new tag
Caveats
  • Supply blocks, unpowered buildings, or Contaminate may cause inaccurate times.
  • Supply counts are checked every 10 seconds.